 Dungeon Crawl Stone Soup version 0.19.1-1-g22dce08 (webtiles) character file.

450 markt42 the Cudgeler (level 7, -1/42 HPs)
             Began as a Gargoyle Fighter on Jan 8, 2017.
             Killed from afar by Dowan (10 damage)
             ... with a shard of ice
             ... on level 4 of the Dungeon.
             The game lasted 00:03:28 (3017 turns).

markt42 the Cudgeler (Gargoyle Fighter)             Turns: 3017, Time: 00:03:28

Health: -1/42      AC: 14    Str: 21    XL:     7   Next: 4%
Magic:  7/7        EV:  8    Int:  9    God:
Gold:   190        SH:  9    Dex:  9    Spells: 0 memorised, 6 levels left

rFire  . . .     SeeInvis .     a - +0 flail
rCold  . . .     Gourm    .     b - +0 scale mail
rNeg   + + .     Faith    .     c - +0 shield
rPois  ∞         Spirit   .     r - +0 helmet
rElec  +         Reflect  .     x - +0 cloak
rCorr  .         Harm     .     (no gloves)
MR     .....                    (no boots)
Stlth  ..........               (no amulet)
                                (no ring)
                                m - ring of positive energy

@: no status effects
A: negative energy resistance 1, electricity resistance, unbreathing,
petrification resistance, rot immunity, AC +4
a: no special abilities


You were on level 4 of the Dungeon.
You were hungry.

You visited 1 branch of the dungeon, and saw 4 of its levels.

You collected 190 gold pieces.

Inventory:

Hand Weapons
 a - a +0 flail (weapon)
Armour
 b - a +0 scale mail (worn)
 c - a +0 shield (worn)
 r - a +0 helmet (worn)
 x - a +0 cloak (worn)
Jewellery
 m - a ring of positive energy (left hand)
 q - a cursed -3 ring of strength {unknown}
Scrolls
 e - 4 scrolls of identify {unknown}
 h - 3 scrolls of remove curse {unknown}
 i - a scroll of blinking {unknown}
 j - 2 scrolls of immolation {unknown}
 k - a scroll of fear {unknown}
 l - 2 scrolls of teleportation {unknown}
 p - a scroll of magic mapping {unknown}
 s - a scroll of fog {unknown}
Potions
 d - 2 potions of might
 o - a potion of cancellation {unknown}
 t - a potion of ambrosia {unknown}
 u - 2 potions of lignification {unknown}
 w - a potion of degeneration {unknown}
Comestibles
 f - 3 bread rations
 g - a meat ration
 n - a beef jerky


   Skills:
 + Level 3.8 Fighting
 * Level 5.5 Maces & Flails
 + Level 4.3 Armour
 + Level 1.2 Dodging
 + Level 4.6 Shields


You had 6 spell levels left.
You didn't know any spells.

Dungeon Overview and Level Annotations

Branches:
Dungeon (4/15)
 Temple: D:4-7

Altars:
Elyvilon
Sif Muna
Xom

Annotations:
D:4 Dowan


Innate Abilities, Weirdness & Mutations

You are resistant to torment.
Your stone body is resilient. (AC +4)
You are immune to poison.
You resist negative energy. (rN+)
You are resistant to electric shocks. (rElec)
You can survive without breathing.
You are immune to petrification.
You are immune to rotting.


Message History

You are feeling hungry.
You start resting.
Dowan is nearby!
Dowan is nearby!
You closely miss Dowan.
Dowan is severely wounded.
Dowan hits you but does no damage.
You sock Dowan!
Dowan is almost dead.
Dowan points at you and mumbles some strange words.
The stone arrow hits you!
* * * LOW HITPOINT WARNING * * *
You are too injured to fight recklessly!
You are too injured to fight recklessly!
You closely miss Dowan.
Dowan is almost dead.
Dowan barely misses you.
Dowan points at you and mumbles some strange words.
The shard of ice hits you!
You die...

............)
......).....
......#.... ......#...
......... ......).####
...........######.#
.............)....##
....$.....<.@#####...#
).......<...e......# #
.....................
.....................
..#..........÷.......
.###........####.....
#..........# ##...
#..........# ...
...........# ..


You could see Dowan.

Vanquished Creatures
  Duvessa (D:4)
  A phantom (D:3)
  2 hounds (D:4)
  Crazy Yiuf (D:3)
  Natasha (thrice) (D:3)
  3 adders
  An ooze (D:2)
  2 worms
  A dart slug (D:2)
  2 leopard geckos
  3 orcs
  7 bats
  3 giant cockroaches
  5 goblins
  8 hobgoblins
  13 jackals
  3 kobolds
  3 frilled lizards
  5 rats
67 creatures vanquished.

Notes
Turn   | Place    | Note
-------+----------+-------------------------------------------
     0 | D:1      | markt42 the Gargoyle Fighter began the quest for the Orb.
     0 | D:1      | Reached XP level 1. HP: 14/14 MP: 1/1
    87 | D:1      | Reached XP level 2. HP: 13/19 MP: 2/2
   538 | D:1      | Reached XP level 3. HP: 22/23 MP: 3/3
  1043 | D:2      | Found a white marble altar of Elyvilon.
  1094 | D:2      | Reached skill level 3 in Maces & Flails
  1667 | D:2      | Reached XP level 4. HP: 28/28 MP: 4/4
  1790 | D:3      | Found a shimmering altar of Xom.
  1792 | D:3      | Found a shimmering altar of Xom.
  1794 | D:3      | Found a shimmering altar of Xom.
  1807 | D:3      | Found a shimmering altar of Xom.
  1829 | D:3      | Found a deep blue altar of Sif Muna.
  2002 | D:3      | Noticed Natasha
  2011 | D:3      | Killed Natasha
  2011 | D:3      | Reached XP level 5. HP: 21/33 MP: 5/5
  2201 | D:3      | Noticed Natasha
  2205 | D:3      | Killed Natasha
  2223 | D:3      | Found a runed door.
  2227 | D:3      | Noticed Crazy Yiuf
  2237 | D:3      | Killed Crazy Yiuf
  2237 | D:3      | Reached skill level 4 in Maces & Flails
  2316 | D:3      | Noticed Natasha
  2328 | D:3      | Killed Natasha
  2695 | D:4      | Reached XP level 6. HP: 27/38 MP: 6/6
  2713 | D:4      | Noticed a phantom
  2714 | D:4      | Noticed Duvessa
  2719 | D:4      | Noticed Dowan
  2751 | D:3      | Killed a phantom
  2751 | D:3      | Reached skill level 5 in Maces & Flails
  2751 | D:3      | Reached skill level 1 in Dodging
  2956 | D:4      | Killed Duvessa
  2956 | D:4      | Reached XP level 7. HP: 42/42 MP: 7/7
  3017 | D:4      | Killed from afar by Dowan

Skill      XL: |  1  2  3  4  5  6 |
---------------+-------------------+-----
Maces & Flails | 3 4 5 |  5.5
Shields        | 4 |  4.6
Armour         | 4 |  4.3
Dodging        | 1 |  1.2
Fighting       | |  3.8

Action                   |  1- 3 |  4- 6 |  7- 9 || total
-------------------------+-------+-------+-------++-------
Melee: Flail             |   137 |   181 |    38 ||   356
  Eat: Chunk             |     2 |     5 |       ||     7
Armor: Scale mail        |   100 |    89 |    16 ||   205
Dodge: Dodged            |    62 |    63 |    13 ||   138
Block: Shield            |    82 |    91 |    11 ||   184
